Map: Gresvan LE

Players

IIllIIlIlIIl (Lambo) - Winner!

  • Race: Zerg Zerg
  • League: Master
  • Spawn Location: 5:00

trigger

  • Race: Protoss Protoss
  • League: Grandmaster
  • Spawn Location: 11:00

VOD

Have the link to the VOD?

Description

Time

  • Played on: Aug. 15, 2023, 2:27 p.m.
  • Length: 9:50
Show
View Real Time Build Order
Export as new Build Order

IIllIIlIlIIl Zerg - Winner!

Build Orders: Pool First 

Get SALT Encoding   

  12  0:00  Drone  
  13  0:07  Drone  
  14  0:14  Drone, Extractor  
  15  0:28  Spawning Pool  
  15  0:32  Extractor  
  15  0:34  Drone  
  15  0:40  Overlord  
  15  0:59  Drone  
  15  1:01  Drone  
  17  1:15  Hatchery  
  17  1:16  Zergling x2  
  17  1:18  Zergling x2  
  18  1:22  Zergling x2  
  19  1:32  Zergling x2  
  22  1:44  Hatchery  
  19  1:51  Drone  
  20  1:57  Queen  
  20  2:00  Overlord  
  23  2:12  Extractor  
  22  2:19  Drone x2, Extractor  
  23  2:26  Drone  
  24  2:33  Queen  
  24  2:36  Drone  
  27  2:48  Drone  
  28  2:51  Hatchery  
  28  2:58  Drone x2, Queen  
  31  3:05  Overlord  
  31  3:07  Drone  
  31  3:11  Zergling x2  
  33  3:15  Drone  
  33  3:17  Drone  
  35  3:21  Drone  
  35  3:25  Drone  
  37  3:31  Metabolic Boost  
  37  3:33  Drone x2  
  39  3:39  Drone  
  40  3:43  Drone x2  
  40  3:45  Overlord  
  42  3:53  Queen  
  44  3:57  Overlord  
  44  4:05  Drone  
  44  4:08  Drone x2  
  49  4:10  Drone  
  49  4:13  Drone x2  
  49  4:15  Drone  
  53  4:23  Drone  
  54  4:24  Roach Warren  
  54  4:25  Extractor  
  54  4:29  Drone x2  
  54  4:32  Overlord  
  54  4:38  Zergling x12  
  58  4:44  Overlord  
  58  4:50  Zergling x2  
  58  4:51  Zergling x6  
  62  4:58  Overlord  
  63  5:00  Zergling x6  
  63  5:04  Roach x2  
  63  5:05  Roach  
  63  5:06  Roach  
  73  5:09  Zergling x8  
  77  5:15  Zergling x4  
  77  5:18  Zergling x4  
  80  5:23  Zergling x2  
  80  5:24  Zergling x4  
  80  5:25  Ravager  
  84  5:33  Ravager x3  
  84  5:34  Zergling x4  
  84  5:35  Overlord  
  89  5:37  Overlord  
  89  5:44  Overlord  
  89  5:45  Overlord x2  
  89  5:47  Overlord  
  89  5:54  Zergling x4  
  89  5:55  Zergling x6  
  75  6:05  Zergling x8  
  75  6:11  Zergling x4  
  78  6:18  Lair  
  78  6:20  Drone x3  
  78  6:23  Drone  
  78  6:24  Drone  
  83  6:27  Drone x2  
  83  6:30  Drone  
  84  6:36  Drone  
  85  6:43  Drone x3  
  78  6:48  Drone x3  
  78  6:50  Drone x2  
  78  6:51  Drone  
  78  6:53  Drone  
  87  6:54  Drone x2  
  87  7:00  Drone x3  
  85  7:02  Drone x3  
  84  7:12  Drone x2  
  84  7:14  Drone  
  81  7:16  Evolution Chamber  
  81  7:18  Extractor  
  81  7:22  Drone x2  
  78  7:27  Roach x6  
  90  7:33  Drone x2, Hatchery  
  88  7:38  Extractor  
  88  7:40  Extractor  
  88  7:43  Roach x2  
  90  7:44  Extractor  
  90  7:48  Drone, Glial Reconstitution  
  90  7:49  Zerg Missile Weapons Level 1  
  90  7:51  Drone x3  
  92  7:52  Overlord, Overseer  
  92  7:56  Drone  
  92  7:57  Drone x2  
  96  8:01  Roach x3  
  102  8:08  Overlord  
  102  8:10  Roach x3  
  108  8:13  Overlord  
  108  8:15  Overlord  
  108  8:17  Roach x4  
  116  8:20  Overlord  
  116  8:24  Overlord  
  116  8:26  Overlord  
  116  8:29  Roach x6  
  116  8:33  Ravager x2  
  132  8:37  Zergling x2  
  132  8:38  Zergling x2, Ravager  
  135  8:47  Zergling x10, Ravager  
  135  8:48  Ravager  
  142  8:51  Zergling x10  
  142  8:54  Roach  
  142  8:55  Ravager  
  150  8:58  Roach x4  
  158  9:05  Roach x3  
  158  9:07  Zergling x2  
  163  9:11  Zergling x6  
  163  9:13  Zergling x4, Spine Crawler  
  163  9:14  Ravager x2  
  169  9:17  Roach x3  
  169  9:22  Zergling x10  
  175  9:25  Zergling x2  
  175  9:27  Zergling x8  
  175  9:28  Ravager x2  
Show
View Real Time Build Order
Export as new Build Order

trigger Protoss 

Build Orders:  

Get SALT Encoding   

  12  0:00  Probe  
  13  0:12  Probe  
  14  0:23  Pylon  
  14  0:24  Probe  
  15  0:41  Probe (Chrono Boost)  
  16  0:43  Gateway  
  17  0:50  Assimilator, Probe (Chrono Boost)  
  17  0:55  Probe (Chrono Boost)  
  18  1:07  Probe  
  19  1:19  Probe  
  20  1:30  Zealot (Chrono Boost)  
  20  1:31  Pylon  
  22  1:34  Cybernetics Core  
  22  1:39  Probe  
  23  2:04  Nexus  
  23  2:07  Adept (Chrono Boost)  
  25  2:29  Probe  
  26  2:31  Adept  
  26  2:32  Warp Gate  
  26  2:35  Pylon  
  28  2:41  Probe  
  29  2:51  Gateway  
  29  2:53  Probe  
  30  3:05  Adept, Assimilator  
  33  3:13  Probe (Chrono Boost)  
  33  3:18  Twilight Council  
  33  3:19  Probe (Chrono Boost)  
  34  3:26  Probe (Chrono Boost)  
  35  3:30  Probe (Chrono Boost)  
  35  3:34  Probe (Chrono Boost)  
  37  3:37  Probe (Chrono Boost)  
  37  3:39  Probe (Chrono Boost)  
  39  3:46  Robotics Facility  
  39  3:47  Probe  
  40  3:53  Probe  
  41  3:56  Resonating Glaives (Chrono Boost)  
  41  3:59  Probe  
  41  4:00  Gateway  
  41  4:02  Gateway  
  42  4:07  Probe  
  43  4:11  Pylon  
  43  4:13  Probe  
  44  4:20  Probe  
  44  4:22  Adept  
  44  4:23  Adept  
  49  4:25  Probe  
  49  4:29  Warp Prism (Chrono Boost)  
  50  4:35  Probe  
  53  4:39  Pylon  
  53  4:43  Adept x2  
  57  4:49  Pylon  
  57  4:55  Adept  
  57  4:56  Adept  
  61  5:07  Nexus  
  61  5:19  Adept x4  
  69  5:25  Probe x2  
  71  5:39  Adept  
  71  5:40  Adept x2  
  77  5:47  Probe  
  64  6:01  Immortal (Chrono Boost)  
  64  6:02  Adept x2  
  64  6:03  Adept x2  
  56  6:11  Shield Battery  
  56  6:12  Shield Battery  
  56  6:13  Pylon  
  56  6:14  Shield Battery  
  56  6:22  Assimilator  
  56  6:23  Adept x4  
  64  6:45  Probe  
  51  6:47  Adept x4  
  51  6:48  Probe  
  51  6:50  Probe  
  58  6:57  Probe  
  58  7:00  Probe  
  60  7:02  Probe  
  60  7:07  Adept x3  
  60  7:08  Adept  
  65  7:09  Probe  
  65  7:10  Immortal (Chrono Boost)  
  57  7:22  Probe x2  
  59  7:23  Probe, Shield Battery  
  59  7:30  Stalker x3  
  59  7:34  Probe x2  
  59  7:36  Probe  
  66  7:42  Blink (Chrono Boost)  
  66  7:46  Probe  
  66  7:47  Assimilator  
  66  7:48  Pylon, Probe  
  69  7:51  Probe  
  69  7:52  Observer (Chrono Boost)  
  69  7:55  Assimilator  
  69  7:57  Gateway  
  69  7:58  Probe  
  71  7:59  Gateway  
  71  8:02  Probe  
  72  8:11  Probe  
  73  8:13  Robotics Bay  
  73  8:14  Gateway  
  73  8:15  Shield Battery  
  73  8:17  Probe x2  
  73  8:19  Assimilator  
  75  8:25  Stalker x2  
  79  8:39  Stalker x2  
  83  8:46  Gateway  
  83  8:49  Forge  
  83  8:54  Shield Battery  
  83  8:55  Pylon  
  83  8:57  Pylon  
  83  8:58  Disruptor (Chrono Boost)  
  86  9:04  Stalker x4  
  86  9:08  Stalker x2  
  98  9:13  Stalker  
  100  9:17  Shield Battery  
  96  9:29  Stalker x3  
  97  9:32  Stalker  
  97  9:37  Stalker  
  93  9:42  Stalker x2  
Tags
 
Add a new tag
Caveats
  • Supply blocks, unpowered buildings, or Contaminate may cause inaccurate times.
  • Supply counts are checked every 10 seconds.